 Dungeon Crawl Stone Soup version 0.21-a0-641-geef9d7f (webtiles) character file.

164549 Leszczynek the Brawler (level 16, -5/158 HPs)
             Began as a Troll Skald on Dec 30, 2017.
             Was a High Priest of the Shining One.
             Shot with an arrow by a deep elf archer (26 damage)
             ... on level 1 of the Elven Halls.
             The game lasted 01:44:15 (13400 turns).

Leszczynek the Brawler (Troll Skald)               Turns: 13400, Time: 01:44:15

Health: -5/158     AC: 15    Str: 24    XL:     16   Next: 67%
Magic:  21/21      EV: 12    Int: 11    God:    the Shining One [*****.]
Gold:   273        SH: 20    Dex: 11    Spells: 2/17 levels left

rFire    . . .     SeeInvis .     - Unarmed
rCold    + . .     Gourm    +   o - +2 large shield
rNeg     + + .     Faith    .   G - +2 robe {MR+}
rPois    .         Spirit   .   (helmet restricted)
rElec    .         Reflect  .   v - +0 cloak
rCorr    .         Harm     .   (gloves unavailable)
MR       ++...                  (boots unavailable)
Stlth    +.........             s - amulet of rage
HPRegen  0.76/turn              a - +5 ring of protection
MPRegen  0.17/turn              P - ring of protection from cold

@: liquid flames, glowing
A: large, unfitting armour, claws 3, slimy green scales 1, fast metabolism 3,
gourmand, mutation resistance 1, regeneration 1, shaggy fur 1, tough skin 2
}: 2/15 runes: barnacled, gossamer
a: Divine Shield, Cleansing Flame, Summon Divine Warrior, Renounce Religion,
Evoke Berserk Rage


You were on level 1 of the Elven Halls.
You worshipped the Shining One.
The Shining One was extremely pleased with you.
You were very full.

You visited 6 branches of the dungeon, and saw 31 of its levels.
You also visited: Ossuary.

You collected 1956 gold pieces.
You spent 1683 gold pieces at shops.

Inventory:

Hand Weapons
 b - a +4 blowgun
 M - a +4 scimitar of flaming
Missiles
 n - 8 needles of paralysis
 x - 4 throwing nets (quivered)
 y - 3 needles of confusion
 K - 23 tomahawks
 T - 4 large rocks
 U - 46 javelins
Armour
 o - a +2 large shield (worn)
 u - a +3 troll leather armour
 v - a +0 cloak (worn)
 G - a +2 robe of magic resistance (worn)
 H - a +2 robe of resistance
Jewellery
 a - a +5 ring of protection (left claw)
 k - an uncursed ring of flight
 s - an amulet of rage (around neck)
 t - an uncursed ring of protection from fire
 D - an uncursed ring of fire
 P - a ring of protection from cold (right claw)
 S - the ring "Gipa" {rF+ rC- MR+ Str+3}
   (You bought it in a shop on level 2 of the Shoals)

   [ring of protection from fire]

   It affects your strength (+3).
   It protects you from fire.
   It makes you vulnerable to cold.
   It affects your resistance to hostile enchantments.
Wands
 l - a wand of polymorph (10)
 p - a wand of iceblast (14)
 z - a wand of acid (9)
 L - a wand of paralysis (35)
 N - a wand of scattershot (4)
 V - a wand of flame (29)
Scrolls
 f - a scroll of immolation {!r}
 g - 2 scrolls of fog
 j - 10 scrolls of fear
 m - 11 scrolls of remove curse {@r2}
 w - 6 scrolls of magic mapping
 C - 4 scrolls of teleportation
 J - a scroll of summoning
Potions
 e - 4 potions of curing {@q1}
 i - 5 potions of flight
 q - 2 potions of ambrosia
 r - 3 potions of haste
 A - 3 potions of agility
 B - a potion of cancellation
 E - 2 potions of resistance {unknown}
 F - 5 potions of heal wounds {@q2}
 I - 2 potions of mutation {!q}
 O - 2 potions of might
 Q - a potion of brilliance {unknown}
Miscellaneous
 h - a lightning rod (4/4)
 R - a fan of gales
Comestibles
 c - 11 chunks of flesh
 d - 33 rations


   Skills:
 - Level 10.0 Fighting
 - Level 8.0 Dodging
 + Level 11.1 Shields
 - Level 15.0 Unarmed Combat
 - Level 1.2 Spellcasting
 - Level 2.0 Charms
 * Level 9.2 Transmutations
 - Level 1.4 Ice Magic
 * Level 9.7 Earth Magic
 - Level 8.8 Invocations


You had 2 spell levels left.
You knew the following spells:

 Your Spells              Type           Power        Failure   Level  Hunger
a - Infusion              Chrm           #...         32%         1    ##.....
b - Song of Slaying       Chrm           #.......     43%         2    ###....
c - Summon Butterflies    Summ           #.......     58%         1    ##.....
d - Ice Form              Ice/Tmut       ##......     61%         4    #####..
e - Petrify               Tmut/Erth      ###.....     14%         4    #####..
A - Apportation           Tloc           #.....       58%         1    ##.....
B - Blink                 Tloc           N/A          73%         2    ###....


Dungeon Overview and Level Annotations

Branches:
Dungeon (14/15)              Lair (6/6) D:8          Shoals (4/4) Lair:3
 Spider (4/4) Lair:3        Slime (0/5) Lair:5          Orc (2/2) D:10
    Elf (1/3) Orc:2
 Temple: D:4-7       Vaults: D:13-14

Altars:
Elyvilon
Nemelex Xobeh
Yredelemnul
The Shining One
Jiyva

Shops:
D:4 ?   Orc:1 ?   Orc:2 [%:?   Shoals:2 =   Shoals:3 ?

Portals:
Pandemonium: Orc:2

Annotations:
D:13 randart QDS, needs digging
D:14 vaults
Lair:3 spider (NW)
Lair:5 1 runed door
Shoals:4 exclusion: upstairs
Spider:2 exclusion: upstairs
Spider:3 Arachne
Orc:2 Rupert


Innate Abilities, Weirdness & Mutations

You are too large for most types of armour.
You have claws for hands.
Your metabolism is lightning-fast.
You like to eat raw meat.
Your natural rate of healing is unusually fast.
You are covered in fur. (AC +1)
You have very tough skin. (AC +2)
You are partially covered in slimy green scales. (AC +2)
You are somewhat resistant to further mutation.


Message History

The deep elf archer wields an uncursed shortbow.
The deep elf archer shoots an arrow.
You block the arrow.
The deep elf archer shoots an arrow.
The arrow hits you!
The deep elf archer shoots an arrow.
The arrow hits you!
* * * LOW HITPOINT WARNING * * *
The arrow burns you.
* * * LOW HITPOINT WARNING * * *
The deep elf mage casts a spell at you. The sticky flame hits you!
You are covered in liquid flames!
* * * LOW HITPOINT WARNING * * *
You see here 5 arrows.
You are covered in liquid flames!
* * * LOW HITPOINT WARNING * * *
The deep elf archer shoots an arrow.
The arrow hits you.
* * * LOW HITPOINT WARNING * * *
The arrow burns you.
* * * LOW HITPOINT WARNING * * *
The deep elf archer shoots an arrow.
The arrow hits you!!
You die...

#############
###...........###
#....e..........##
.....8.....8..e..#
......e(<@(..(...#
.......8.8(......#
.........E(......#
.8......ยง.e....8.#
.......(.........#
#....8.....8....##
###...........###
##.###.###[## #.
#.# .#


You could see 3 deep elf archers, a deep elf mage and a fire elemental.

Vanquished Creatures
  Agnes (Spider:2)
  Kirke (Spider:3)
  A ghost moth (Spider:4)
  Aizul (Spider:4)
  Louise (Spider:2)
  An emperor scorpion (Spider:4)
  2 spark wasps (Spider:4)
  Josephine (Shoals:1)
  2 merfolk javelineers
  6 merfolk impalers
  Fannar (D:10)
  An ice dragon (Lair:5)
  A hydra (Lair:6)
  2 merfolk avatars
  An alligator snapping turtle (Shoals:3)
  2 catoblepae
  4 centaur warriors (D:13)
  A merfolk aquamancer (Shoals:3)
  3 two-headed ogres
  2 satyrs
  9 orc high priests (Orc:2)
  14 sea snakes
  3 unseen horrors
  A kraken simulacrum (Shoals:4)
  A deep elf archer (Orc:2)
  7 harpies
  Pikel (D:9)
  7 orb spiders
  An ugly thing (D:12)
  3 orc knights
  2 lindwurms (Lair:4)
  12 wolf spiders
  A cyclops (Shoals:3)
  An orc sorcerer (Orc:2)
  12 fauns
  4 deep elf magi (Orc:2)
  5 elephants
  5 manticores
  7 merfolk sirens
  A rust devil (Orc:2)
  A smoke demon (Orc:2)
  5 water nymphs
  3 black mambas
  3 torpor snails
  2 orange demons (Orc:2)
  10 spiny frogs
  4 rime drakes
  7 demonic crawlers
  An efreet (D:13)
  An ice devil (Orc:2)
  9 komodo dragons
  3 harpy zombies (Shoals:1)
  20 merfolk
  A red devil (Orc:2)
  15 jumping spiders
  4 trolls
  2 polar bears (Lair:6)
  6 wind drakes
  Prince Ribbit (D:7)
  3 hornets
  8 hippogriffs
  8 dream sheep (Shoals:3)
  6 snapping turtles
  6 water elementals
  33 redbacks
  7 yaks (Lair:6)
  2 shadows
  7 tarantellas
  7 wraiths
  5 wyverns
  2 basilisks
  Grum (D:9)
  4 vampire mosquitoes
  A hungry ghost (D:10)
  A neqoxec (Orc:2)
  3 wargs
  13 water moccasins
  An acid dragon (D:13)
  5 porcupines
  A hornet zombie (D:13)
  2 sky beasts
  2 slaves (D:9)
  An eye of draining (D:8)
  5 ice beasts
  27 orc warriors
  A necrophage (D:11)
  3 wolves (D:9)
  7 ogres
  2 phantoms
  13 centaurs
  10 crocodiles
  A hippogriff zombie (Shoals:1)
  A big kobold (D:11)
  15 bullfrogs
  A wyvern zombie (D:9)
  2 wyvern skeletons
  6 wights
  5 killer bees
  3 electric eels
  3 jellies
  5 howler monkeys
  A centaur zombie (D:9)
  5 crimson imps
  5 hounds
  3 bullfrog skeletons
  16 orc priests
  11 orc wizards
  2 centaur skeletons
  4 iguanas
  9 worker ants
  A hound skeleton (D:4)
  A mummy (Ossuary)
  5 adders
  2 shadow imps
  3 white imps (Lair:5)
  An adder zombie (D:9)
  An ooze (D:3)
  2 adder skeletons
  2 worms
  A dart slug (D:1)
  A leopard gecko (D:11)
  68 orcs
  4 bats
  2 bat zombies (Shoals:1)
  3 giant cockroaches
  A goblin (D:1)
  6 hobgoblins
  11 jackals
  4 quokkas
  2 ball pythons
  A frilled lizard (D:2)
  6 gnoll skeletons (Ossuary)
  5 kobolds
  9 kobold skeletons (Ossuary)
  10 orc skeletons (Ossuary)
  4 rats
  A fungus (Lair:6)
  2 plants
684 creatures vanquished.

Vanquished Creatures (collateral kills)
  Mara (Spider:4)
  2 emperor scorpions (Spider:4)
  2 ghost moths (Spider:4)
  An entropy weaver (Spider:4)
  A spark wasp (Spider:4)
  A merfolk javelineer (Shoals:4)
  3 merfolk impalers (Shoals:4)
  A merfolk aquamancer (Shoals:4)
  2 orc high priests (Orc:2)
  2 infernal demonspawn (Orc:2)
  An orc knight (Orc:2)
  A gelid demonspawn (Orc:2)
  5 orb spiders
  An orc sorcerer (Orc:2)
  4 wolf spiders
  A manticore (Shoals:4)
  A demonic crawler (Spider:2)
  A troll (Orc:2)
  5 merfolk (Shoals:4)
  A wind drake (Shoals:4)
  4 jumping spiders (Spider:4)
  3 hornets (Spider:4)
  4 redbacks (Spider:4)
  5 tarantellas (Spider:4)
  A warg (Orc:2)
  An orc warrior (Orc:2)
  An ogre (Orc:2)
  2 orc wizards (Orc:2)
  2 orcs (Orc:2)
  A tentacle (Shoals:4)
61 creatures vanquished.

Vanquished Creatures (others)
  15 fungi (Lair:6)
  13 plants
  3 tentacles (Shoals:4)
31 creatures vanquished.

Grand Total: 776 creatures vanquished

Notes
Turn   | Place    | Note
-------+----------+-------------------------------------------
     0 | D:1      | Leszczynek the Troll Skald began the quest for the Orb.
     0 | D:1      | Reached XP level 1. HP: 19/19 MP: 1/1
     0 | D:1      | OH BOY IT'S BEEN A WHILE
   184 | D:1      | Reached XP level 2. HP: 26/27 MP: 2/2
   228 | D:2      | Reached skill level 3 in Unarmed Combat
   320 | D:2      | Reached XP level 3. HP: 31/33 MP: 3/3
   439 | D:2      | Found a glowing golden altar of the Shining One.
   444 | D:2      | oh?
   444 | D:2      | that's unusually nice
   453 | D:2      | Became a worshipper of the Shining One
   454 | D:2      | if it's handed to me like that, i can't refuse
   519 | D:3      | Found a sparkling altar of Nemelex Xobeh.
   555 | D:4      | Found a sand-covered staircase.
   556 | D:4      | Found Voplyop's Magic Scroll Boutique.
   564 | D:4      | Reached skill level 4 in Unarmed Combat
   567 | D:4      | Bought a scroll of blinking for 82 gold pieces
   579 | D:4      | blink id'd too already
   593 | Ossuary  | Entered an ossuary
   593 | Ossuary  | Noticed a wraith
   593 | Ossuary  | Noticed a wraith
   593 | Ossuary  | Noticed a wraith
   594 | Ossuary  | oh
   594 | Ossuary  | this one's troublesome
   605 | Ossuary  | Reached * piety under the Shining One
   634 | Ossuary  | Reached XP level 4. HP: 32/41 MP: 4/4
   685 | Ossuary  | no wait whats this
   705 | Ossuary  | Noticed a wraith
   705 | Ossuary  | Reached ** piety under the Shining One
   706 | Ossuary  | oh
   706 | Ossuary  | shit
   741 | Ossuary  | Gained mutation: You are partially covered in slimy green scales. (AC +2) [potion of mutation]
   741 | Ossuary  | Gained mutation: You are somewhat resistant to further mutation. [potion of mutation]
   747 | Ossuary  | Killed a wraith
   747 | Ossuary  | Reached skill level 6 in Unarmed Combat
   747 | Ossuary  | Reached XP level 5. HP: 37/48 MP: 5/5
   748 | Ossuary  | oh ok
   805 | D:4      | Bought a scroll of identify for 22 gold pieces
  1005 | D:5      | Entered Level 5 of the Dungeon
  1005 | D:5      | Noticed an ogre
  1016 | D:5      | Killed an ogre
  1016 | D:5      | Reached XP level 6. HP: 55/55 MP: 6/6
  1142 | D:6      | Reached skill level 7 in Unarmed Combat
  1276 | D:7      | Noticed Prince Ribbit
  1293 | D:7      | Reached *** piety under the Shining One
  1298 | D:7      | HP: 10/55 [howler monkey (6)]
  1311 | D:6      | Reached XP level 7. HP: 29/62 MP: 7/7
  1401 | D:6      | Reached skill level 8 in Unarmed Combat
  1436 | D:7      | Killed Prince Ribbit
  1436 | D:7      | Reached skill level 9 in Unarmed Combat
  1451 | D:7      | Noticed a hornet
  1463 | D:7      | Killed a hornet
  1463 | D:7      | Reached XP level 8. HP: 52/70 MP: 8/8
  1465 | D:7      | Reached skill level 10 in Unarmed Combat
  1512 | D:6      | HP: 13/70 [ice beast (10)]
  1514 | D:6      | HP: 6/70 [howler monkey (7)]
  1516 | D:5      | damn!
  1521 | D:5      | HP: 9/70 [poisoned by an adder]
  1553 | D:6      | Reached skill level 2 in Fighting
  1561 | D:6      | Found a white marble altar of Elyvilon.
  1598 | D:6      | Reached skill level 3 in Fighting
  1781 | D:7      | Reached skill level 4 in Fighting
  1844 | D:7      | Learned a level 2 spell: Song of Slaying
  1862 | D:7      | kinda forgot i have spells
  1862 | D:7      | oooops
  1974 | D:8      | Found a staircase to the Lair.
  2023 | D:8      | Reached skill level 5 in Fighting
  2031 | D:8      | manual of short blades
  2031 | D:8      | okay.jpg
  2041 | D:8      | Learned a level 1 spell: Summon Butterflies
  2108 | D:8      | thank god for the TSO's aura
  2108 | D:8      | that +acc really helps with bees
  2210 | D:8      | Noticed an unseen horror
  2217 | D:8      | Killed an unseen horror
  2217 | D:8      | Reached skill level 6 in Fighting
  2217 | D:8      | Reached XP level 9. HP: 83/92 MP: 9/9
  2341 | D:9      | Reached skill level 1 in Invocations
  2391 | D:9      | Noticed Grum
  2392 | D:9      | hmmmmmmmmmmmmmm
  2412 | D:9      | Killed Grum
  2412 | D:9      | Reached skill level 7 in Fighting
  2412 | D:9      | Reached skill level 2 in Invocations
  2783 | D:9      | Reached skill level 11 in Unarmed Combat
  2880 | D:9      | Reached **** piety under the Shining One
  2890 | D:9      | Noticed a two-headed ogre
  2895 | D:9      | Killed a two-headed ogre
  2895 | D:9      | Reached skill level 3 in Invocations
  2895 | D:9      | Reached XP level 10. HP: 91/102 MP: 11/11
  2913 | D:10     | Entered Level 10 of the Dungeon
  3028 | D:10     | Reached skill level 2 in Dodging
  3045 | D:10     | Noticed a two-headed ogre
  3084 | D:9      | Noticed Pikel
  3106 | D:9      | Killed Pikel
  3134 | D:9      | wew lad, +2 MR robe
  3134 | D:9      | that's nice
  3227 | D:10     | Reached skill level 3 in Dodging
  3317 | D:10     | Noticed Fannar
  3318 | D:10     | badddd
  3329 | D:10     | Killed Fannar
  3329 | D:10     | Reached skill level 8 in Fighting
  3329 | D:10     | Reached skill level 4 in Dodging
  3334 | D:10     | he was nice enough to not blink
  3334 | D:10     | thanks fannar
  3426 | D:10     | Reached skill level 12 in Unarmed Combat
  3456 | D:10     | Killed a two-headed ogre
  3456 | D:10     | Reached skill level 5 in Dodging
  3467 | D:10     | Found a staircase to the Orcish Mines.
  3568 | D:11     | Reached XP level 11. HP: 96/113 MP: 12/12
  3738 | D:13     | Noticed an unseen horror
  3742 | D:13     | Killed an unseen horror
  3760 | D:13     | Reached skill level 6 in Dodging
  3814 | D:13     | ehh, second troll, no armor
  3862 | D:13     | Noticed an unseen horror
  3862 | D:13     | Noticed an unseen horror
  3862 | D:13     | Noticed an unseen horror
  3864 | D:13     | randart quicksilver scales
  3864 | D:13     | behind a glass wall with unseen horrors
  3867 | D:13     | Noticed a centaur warrior
  3876 | D:13     | Killed a centaur warrior
  3926 | D:13     | +4 flaming scimitar
  3926 | D:13     | thanks for a hydra weapon m8
  3930 | D:13     | Noticed a deep elf mage
  3930 | D:13     | Noticed a centaur warrior
  3940 | D:13     | HP: 15/113 [acid (14)]
  3946 | D:13     | Reached skill level 4 in Invocations
  3951 | D:13     | nice teleport
  4102 | D:12     | Reached skill level 9 in Fighting
  4105 | D:12     | Noticed a white ugly thing
  4122 | D:12     | Killed a white ugly thing
  4210 | D:13     | Noticed a centaur warrior
  4217 | D:13     | Killed a centaur warrior
  4257 | D:13     | Noticed a catoblepas
  4262 | D:13     | Killed a catoblepas
  4265 | D:13     | jesus this rage amulet is amazing
  4330 | D:14     | Noticed a two-headed ogre
  4346 | D:14     | Killed a two-headed ogre
  4350 | D:14     | Reached skill level 5 in Invocations
  4419 | D:14     | Noticed a catoblepas
  4419 | D:14     | Reached ***** piety under the Shining One
  4564 | D:14     | Noticed an unseen horror
  4571 | D:14     | Killed an unseen horror
  4571 | D:14     | Reached skill level 13 in Unarmed Combat
  4596 | D:14     | Killed a catoblepas
  4596 | D:14     | Reached XP level 12. HP: 124/124 MP: 14/14
  4643 | D:14     | Noticed a centaur warrior
  4644 | D:14     | Noticed a centaur warrior
  4646 | D:14     | ok, i have a problem now
  4662 | D:14     | Noticed a two-headed ogre
  4667 | D:14     | Noticed a centaur warrior
  4675 | D:14     | HP: 9/124 [guardian serpent (shapeshifter) (24)]
  4681 | D:14     | and that's all of my teleports
  4681 | D:14     | great landing spots
  4740 | D:13     | Killed a centaur warrior
  4783 | D:13     | Noticed a centaur warrior
  4790 | D:13     | Killed a centaur warrior
  5245 | Orc:1    | Entered Level 1 of the Orcish Mines
  5257 | Orc:1    | Found Zaseum's Magic Scroll Shop.
  5300 | Orc:1    | Bought a scroll of fear for 38 gold pieces
  5300 | Orc:1    | Bought a scroll of identify for 22 gold pieces
  5300 | Orc:1    | Bought a scroll of magic mapping for 38 gold pieces
  5300 | Orc:1    | Bought a scroll of teleportation for 33 gold pieces
  5300 | Orc:1    | Bought a scroll of magic mapping for 38 gold pieces
  5395 | Orc:2    | Entered Level 2 of the Orcish Mines
  5432 | Orc:1    | Reached skill level 6 in Invocations
  5583 | Orc:2    | Found a staircase to the Elven Halls.
  5591 | Orc:2    | Noticed an orc high priest
  5642 | Orc:2    | Killed an orc high priest
  5954 | Orc:2    | Reached skill level 10 in Fighting
  5954 | Orc:2    | Reached skill level 14 in Unarmed Combat
  5984 | Orc:2    | Found Ygepp's Magic Scroll Emporium.
  5986 | Orc:2    | Found Qeakuyg's Food Shoppe.
  6054 | Orc:2    | oh boy a food shop
  6164 | Orc:2    | ugh
  6180 | Orc:2    | Reached skill level 7 in Invocations
  6182 | Orc:2    | Noticed an orc high priest
  6190 | Orc:2    | Reached skill level 7 in Dodging
  6311 | Orc:2    | Killed an orc high priest
  6464 | Orc:2    | Noticed an orc high priest
  6464 | Orc:2    | Noticed an orc high priest
  6465 | Orc:2    | jesus
  6465 | Orc:2    | that's just not fair
  6477 | Orc:2    | Killed an orc high priest
  6478 | Orc:2    | Noticed an orc high priest
  6484 | Orc:2    | Killed an orc high priest
  6484 | Orc:2    | Reached skill level 8 in Invocations
  6492 | Orc:2    | Killed an orc high priest
  6492 | Orc:2    | Reached XP level 13. HP: 122/133 MP: 15/18
  6495 | Orc:2    | although angel summons in orc are even more unfair
  6495 | Orc:2    | i suppose
  6531 | Orc:2    | Reached skill level 8 in Dodging
  6590 | Orc:2    | Found Worph's Antique Armour Shop.
  6590 | Orc:2    | Found Otaimaj's Book Boutique.
  6591 | Orc:2    | Found a one-way gate leading to the halls of Pandemonium.
  6594 | Orc:2    | Bought a shield for 130 gold pieces
  6594 | Orc:2    | ok, one good thing out of this shit
  6606 | Orc:2    | Bought a book of Minor Magic for 200 gold pieces
  6606 | Orc:2    | Bought a book of Cantrips for 200 gold pieces
  6608 | Orc:2    | Learned a level 1 spell: Apportation
  6611 | Orc:2    | Learned a level 2 spell: Blink
  6645 | Orc:2    | Bought a scroll of teleportation for 30 gold pieces
  6645 | Orc:2    | Bought a scroll of identify for 20 gold pieces
  6645 | Orc:2    | Bought a scroll of teleportation for 30 gold pieces
  6645 | Orc:2    | Bought a scroll of fear for 35 gold pieces
  6645 | Orc:2    | Bought a scroll of teleportation for 30 gold pieces
  6645 | Orc:2    | Bought a scroll of magic mapping for 35 gold pieces
  6645 | Orc:2    | Bought a scroll of enchant armour for 75 gold pieces
  6645 | Orc:2    | Bought a scroll of identify for 20 gold pieces
  6676 | Orc:2    | Reached skill level 1 in Shields
  6685 | Orc:2    | Reached skill level 2 in Shields
  6696 | Orc:2    | Noticed Rupert
  6701 | Orc:2    | okay, that's the end of sightseeing
  6868 | Lair:1   | Entered Level 1 of the Lair of Beasts
  6998 | Lair:2   | Reached skill level 3 in Shields
  7130 | Lair:2   | Found a basalt altar of Yredelemnul.
  7195 | Lair:3   | Reached skill level 4 in Shields
  7260 | Lair:3   | Found a staircase to the Shoals.
  7424 | Lair:4   | Found a runed door.
  7430 | Lair:4   | hmmmmmmmmm
  7441 | Lair:4   | Reached skill level 5 in Shields
  7495 | Lair:4   | Identified the Catalogue of Twisted Translocation
  7500 | Lair:4   | so all this for 3 gold
  7500 | Lair:4   | oh boy
  7717 | Lair:4   | these fruit lair maps are now ridiculous
  7717 | Lair:4   | because it's no longer fruit, it's now an equivalent of bread in terms of nutrition
  7947 | Lair:3   | ok, so it's spider
  7947 | Lair:3   | not so bad, i just need some rpois
  7947 | Lair:3   | or it will be a very long spider
  8008 | Lair:5   | Reached skill level 6 in Shields
  8128 | Lair:5   | HP: 36/199 [ice dragon/blast of cold (19)]
  8130 | Lair:5   | HP: 12/199 [ice dragon (13)]
  8135 | Lair:5   | HP: 9/199 [poisoned by a spiny frog]
  8140 | Lair:5   | w e w l a d
  8140 | Lair:5   | how the fuck did an ice dragon just wander around the level?
  8141 | Lair:5   | HP: 12/133 [poisoned by a spiny frog]
  8146 | Lair:5   | HP: 18/133 [poisoned by a spiny frog]
  8166 | Lair:5   | +5 AC RING HELLO THERE MY FRIEND
  8166 | Lair:5   | ok, now we're in the game
  8166 | Lair:5   | just gimme statue
  8303 | Lair:5   | Found a runed door.
  8303 | Lair:5   | Found a viscous altar of Jiyva.
  8303 | Lair:5   | Found a staircase to the Slime Pits.
  8303 | Lair:5   | Noticed an acid blob
  8303 | Lair:5   | Noticed an acid blob
  8303 | Lair:5   | Reached ****** piety under the Shining One
  8318 | Lair:6   | Entered Level 6 of the Lair of Beasts
  8358 | Lair:6   | Reached skill level 7 in Shields
  8374 | Lair:6   | you know how it goes: the lair ending is always a waste of your time until it's not
  8470 | Lair:6   | that's some intense monster density, pond?
  8477 | Lair:6   | Reached skill level 8 in Shields
  8504 | Lair:6   | Reached XP level 14. HP: 85/143 MP: 19/19
  8616 | Lair:6   | even better, it's the avatar ending
  8728 | Lair:6   | Reached skill level 9 in Shields
  8897 | Lair:6   | Identified the Almanac of Saltpetre
  8899 | Lair:6   | >necronomicon
  8899 | Lair:6   | but at least i got ice form, i can finally train one of the spell schools for statue
  8902 | Lair:6   | well i suppose i could jsut buy the book of ice in orc but M-MUH MONEY
  8925 | Lair:6   | Learned a level 4 spell: Ice Form
  9052 | Lair:3   | Found a hole to the Spider Nest.
  9079 | Spider:1 | Entered Level 1 of the Spider Nest
  9080 | Spider:1 | i'm not liking it already
  9104 | Lair:3   | Reached skill level 1 in Ice Magic
  9222 | Spider:1 | jesus fuck wrong skill
  9222 | Spider:1 | good thing i noticed now and not after 2 runes
  9273 | Spider:1 | Reached skill level 1 in Transmutations
  9308 | Spider:2 | Noticed Louise
  9359 | Spider:2 | Killed Louise
  9360 | Spider:2 | Reached skill level 2 in Transmutations
  9366 | Spider:2 | ego large shield, noice
  9366 | Spider:2 | even noicer if i was playing an ogre, since she had an eveningstar too
  9577 | Spider:2 | Noticed Agnes
  9581 | Spider:2 | well at least now i know her robe is an rC+ one
  9587 | Spider:2 | Killed Agnes
  9587 | Spider:2 | Reached skill level 3 in Transmutations
  9598 | Spider:2 | or resistance
  9598 | Spider:2 | hmm
  9618 | Spider:2 | yepppp, resistance
  9618 | Spider:2 | dayum
  9690 | Spider:2 | Reached skill level 15 in Unarmed Combat
  9975 | Spider:1 | Reached skill level 4 in Transmutations
 10170 | Spider:2 | PETRIFY
 10170 | Spider:2 | okay
 10175 | Spider:2 | Learned a level 4 spell: Petrify
 10179 | Spider:3 | Noticed Arachne
 10180 | Spider:3 | n o p e
 10213 | Spider:3 | Reached skill level 1 in Earth Magic
 10239 | Spider:3 | Noticed Kirke
 10256 | Spider:3 | Killed Kirke
 10256 | Spider:3 | Reached skill level 2 in Earth Magic
 10373 | Spider:4 | Entered Level 4 of the Spider Nest
 10414 | Spider:4 | Noticed Mara
 10418 | Spider:4 | Killed Mara
 10418 | Spider:4 | Reached skill level 5 in Transmutations
 10418 | Spider:4 | Reached skill level 3 in Earth Magic
 10418 | Spider:4 | Reached XP level 15. HP: 144/149 MP: 9/20
 10419 | Spider:4 | >mara
 10419 | Spider:4 | jesus
 10419 | Spider:4 | imagine if i was with some shitshow like makhleb
 10419 | Spider:4 | i guess him blinking into a web helped a bit too, or maybe it was distraction from my angel
 10419 | Spider:4 | dunno
 10468 | Spider:4 | Reached skill level 4 in Earth Magic
 10653 | Spider:4 | Noticed a ghost moth
 10677 | Spider:4 | Killed a ghost moth
 10693 | Spider:4 | Reached skill level 6 in Transmutations
 10701 | Spider:4 | Reached skill level 5 in Earth Magic
 10708 | Spider:4 | Noticed Aizul
 10723 | Spider:4 | Killed Aizul
 10732 | Spider:4 | HP: 23/149 [tarantella (13)]
 10817 | Spider:4 | well what now
 10817 | Spider:4 | spam angels?
 10856 | Spider:4 | Noticed a ghost moth
 10861 | Spider:4 | Killed a ghost moth
 10861 | Spider:4 | Reached skill level 10 in Shields
 10875 | Spider:4 | Noticed a ghost moth
 10882 | Spider:4 | Killed a ghost moth
 10884 | Spider:4 | okay
 10884 | Spider:4 | this is pretty uh
 10884 | Spider:4 | op
 10901 | Spider:4 | Got a gossamer rune of Zot
 11073 | Spider:1 | Reached skill level 6 in Earth Magic
 11147 | Lair:3   | oops, forgot to put on the cloak
 11186 | Shoals:1 | Entered Level 1 of the Shoals
 11210 | Shoals:1 | HP: 26/149 [faun/uncursed club (15)]
 11433 | Shoals:1 | Reached skill level 7 in Transmutations
 11517 | Shoals:1 | XD
 11517 | Shoals:1 | half hp worht of poison through 2 regeneration sources
 11538 | Shoals:1 | what's up with the zombies tho
 11601 | Shoals:1 | Reached skill level 7 in Earth Magic
 11695 | Shoals:1 | Noticed Josephine
 11740 | Shoals:1 | Killed Josephine
 12020 | Shoals:2 | Reached XP level 16. HP: 108/158 MP: 21/21
 12057 | Shoals:2 | Found Musm's Jewellery Emporium.
 12075 | Shoals:2 | Bought the ring "Gipa" {rF+ rC- MR+ Str+3} for 553 gold pieces
 12115 | Shoals:2 | HP: 30/158 [snapping turtle (21)]
 12219 | Shoals:3 | Reached skill level 8 in Transmutations
 12219 | Shoals:3 | Reached skill level 8 in Earth Magic
 12317 | Shoals:3 | Found Gyleh's Magic Scroll Emporium.
 12320 | Shoals:3 | Bought a scroll of fear for 52 gold pieces
 12634 | Shoals:4 | Entered Level 4 of the Shoals
 12691 | Shoals:4 | wait
 12691 | Shoals:4 | where's ilsuiw
 12691 | Shoals:4 | fuck, i don't see her vault
 12740 | Shoals:4 | Reached skill level 9 in Earth Magic
 12864 | Shoals:4 | no wait
 12864 | Shoals:4 | this one's ilsuiw, right?
 12864 | Shoals:4 | too open
 12882 | Shoals:4 | almost walked into it
 12886 | Shoals:4 | kraken simulacrum, is this it?
 12896 | Shoals:4 | Reached skill level 11 in Shields
 12907 | Shoals:4 | Reached skill level 9 in Transmutations
 13002 | Shoals:4 | Got a barnacled rune of Zot
 13003 | Shoals:4 | yep
 13003 | Shoals:4 | ez
 13003 | Shoals:4 | MR+ only
 13008 | Shoals:4 | i guess elf now?
 13008 | Shoals:4 | ugh
 13314 | Elf:1    | Entered Level 1 of the Elven Halls
 13315 | Elf:1    | oh boy
 13399 | Elf:1    | HP: 31/158 [deep elf archer/arrow (2)]
 13400 | Elf:1    | Shot with an arrow by a deep elf archer

Vault maps used:
D:1:      sevenhm_arrival_forest_fort_small_5, chequers_big_river
D:2:      tso_oasis_becter
D:3:      nemelex_xobeh_ov_fountains_minmay
D:4:      enter_ossuary_3, serial_shops, shop, bh_walls_and_bars
D:5:      minmay_overflow_temple_star_hex, minmay_temple_entry_overgrown,
          first_ration
D:6:      elyvilon_altar_5
D:7:      uniq_prince_ribbit1
D:8:      lair_entry_dummy, hangedman_little_slice_of_home
D:9:      uniq_grum, uniq_pikel, uniq_psyche
D:10:     hiddenorc2_lemuel, uniq_fannar
D:12:     grunt_ministairs_9
D:13:     due_unseen_surprise
D:14:     david_vaults_1, minmay_misc_feat_enclosed, lightli_fourway_metalbox
Lair:1:   basic_altar
Lair:2:   basic_altar
Lair:3:   minmay_shoals_entry_beasts, nicolae_spider_entry_orb_guardian,
          serial_bayou_lake_a
Lair:4:   gammafunk_lair_enchanted_lake, serial_bayou_pond_c, lemuel_fruit_tree,
          lemuel_fruit_fields
Lair:5:   slime_altar_2, bobbens_ice_dragon_lair
Lair:6:   gammafunk_lair_ancient_temple
Shoals:1: nicolae_shoals_undead_eyrie, uniq_josephine
Shoals:2: serial_shops, shop_statue
Shoals:3: serial_shops, nicolae_shop_behind_doors
Shoals:4: shoals_end_grunt_ice, shoals_ilsuiw_ice
Spider:2: uniq_agnes, uniq_louise
Spider:3: uniq_arachne, uniq_kirke
Spider:4: spider_rune_water, spider_trap, uniq_mara, uniq_jorgrun, uniq_aizul
Orc:1:    serial_shops, shop
Orc:2:    pf_orc_diabolical, nicolae_orc_lava_room, uniq_rupert
Elf:1:    elf_arrival_002, serial_shops, nicolae_shop_stone,
          minmay_elf_annihilation, st_stairs_10
Ossuary:  ossuary_due_mausoleum

Skill      XL: |  1  2  3  4  5  6  7  8  9 10 11 12 13 14 15 16 |
---------------+-------------------------------------------------+-----
Unarmed Combat | 3 4 6 7 9 10 11 12 13 14 15 | 15.0
Fighting       | 6 7 8 9 10 | 10.0
Invocations    | 3 5 8 |  8.8
Dodging        | 5 6 7 8 |  8.0
Shields        | 8 9 10 11 | 11.1
Ice Magic      | 1 |  1.4
Transmutations | 5 7 9 |  9.2
Earth Magic    | 3 7 9 |  9.7
Spellcasting   | |  1.2
Charms         | |  2.0

Action                   |  1- 3 |  4- 6 |  7- 9 | 10-12 | 13-15 | 16-18 || total
-------------------------+-------+-------+-------+-------+-------+-------++-------
Melee: Unarmed           |   113 |    75 |   188 |   555 |  1054 |   366 ||  2351
       Punch             |       |     5 |     6 |    32 |    12 |       ||    55
       Scimitar          |       |       |       |       |     7 |       ||     7
Throw: Tomahawk          |       |       |       |     7 |    31 |       ||    38
Invok: Divine Shield     |       |       |       |     9 |    12 |     6 ||    27
       Summon Divine War |       |       |       |     1 |     5 |     2 ||     8
       Cleansing Flame   |       |       |       |       |       |     1 ||     1
 Abil: Evoke Berserk Rag |       |       |     2 |     6 |     4 |     1 ||    13
Evoke: Wand              |       |     1 |     2 |     7 |     5 |       ||    15
  Use: Potion            |       |     3 |     1 |     2 |     6 |     3 ||    15
       Scroll            |       |     3 |     3 |    11 |    18 |     2 ||    37
 Stab: Sleeping          |     2 |       |       |       |       |       ||     2
  Eat: Chunk             |    11 |     5 |    15 |    45 |    61 |    16 ||   153
Armor: Robe              |    55 |    28 |    52 |   120 |    21 |     3 ||   279
       Troll leather arm |       |       |       |       |   212 |    85 ||   297
       Skin              |       |       |       |       |     6 |       ||     6
Dodge: Dodged            |    59 |    39 |    85 |   205 |   335 |    83 ||   806
Block: Other             |       |       |       |    38 |       |       ||    38
       Shield            |       |       |       |       |   182 |       ||   182
       Large shield      |       |       |       |       |   561 |   414 ||   975

Table legend:
 A = Spawn XP
 B = Non-spawn XP
 C = Spawn XP percentage of total XP
 D = Spawn monster count
 E = Non-spawn monster count
 F = Spawn count percentage of total count
 G = Total turns spent on level
                    A         B        C        D         E        F      G
               +---------+---------+-------+---------+---------+-------+---------
         Total |       0 |  195071 |   0.0 |       0 |     739 |   0.0 | 13400
               +---------+---------+-------+---------+---------+-------+---------
           D:1 |       0 |      22 |   0.0 |       0 |      13 |   0.0 |   253
           D:2 |       0 |      35 |   0.0 |       0 |      12 |   0.0 |   224
           D:3 |       0 |      15 |   0.0 |       0 |       5 |   0.0 |   109
           D:4 |       0 |      20 |   0.0 |       0 |       2 |   0.0 |   214
           D:5 |       0 |     166 |   0.0 |       0 |       3 |   0.0 |   163
           D:6 |       0 |     789 |   0.0 |       0 |      16 |   0.0 |   481
           D:7 |       0 |     978 |   0.0 |       0 |      17 |   0.0 |   303
           D:8 |       0 |    1331 |   0.0 |       0 |      13 |   0.0 |   397
           D:9 |       0 |    3246 |   0.0 |       0 |      31 |   0.0 |   769
          D:10 |       0 |    4070 |   0.0 |       0 |      48 |   0.0 |   670
          D:11 |       0 |    1532 |   0.0 |       0 |      22 |   0.0 |   287
          D:12 |       0 |    1772 |   0.0 |       0 |      13 |   0.0 |   435
          D:13 |       0 |    7644 |   0.0 |       0 |      28 |   0.0 |   480
          D:14 |       0 |    3828 |   0.0 |       0 |      12 |   0.0 |   411
        Lair:1 |       0 |     540 |   0.0 |       0 |       4 |   0.0 |   128
        Lair:2 |       0 |    2418 |   0.0 |       0 |      12 |   0.0 |   218
        Lair:3 |       0 |    3178 |   0.0 |       0 |      13 |   0.0 |   546
        Lair:4 |       0 |    3516 |   0.0 |       0 |      11 |   0.0 |   538
        Lair:5 |       0 |    3912 |   0.0 |       0 |      16 |   0.0 |   368
        Lair:6 |       0 |   15826 |   0.0 |       0 |      48 |   0.0 |   593
      Shoals:1 |       0 |   15845 |   0.0 |       0 |      35 |   0.0 |   678
      Shoals:2 |       0 |   13103 |   0.0 |       0 |      26 |   0.0 |   382
      Shoals:3 |       0 |   16659 |   0.0 |       0 |      40 |   0.0 |   449
      Shoals:4 |       0 |   16412 |   0.0 |       0 |      34 |   0.0 |   417
      Spider:1 |       0 |    5744 |   0.0 |       0 |      17 |   0.0 |   311
      Spider:2 |       0 |   12112 |   0.0 |       0 |      28 |   0.0 |   891
      Spider:3 |       0 |    7545 |   0.0 |       0 |      19 |   0.0 |   210
      Spider:4 |       0 |   29174 |   0.0 |       0 |      59 |   0.0 |   581
         Orc:1 |       0 |    2053 |   0.0 |       0 |      27 |   0.0 |   419
         Orc:2 |       0 |   21338 |   0.0 |       0 |      88 |   0.0 |  1244
       Ossuary |       0 |     248 |   0.0 |       0 |      27 |   0.0 |   205
               +---------+---------+-------+---------+---------+-------+---------
